Unix NetHack Version 5.0.0-0 post-release - last build May 23 2026 06:08:33 (1c0ff79ee797540d5714e4e18072db0edd9e58ae,branch:main).

Game began 2026-05-23 13:42:50, ended 2026-05-23 13:54:53.

ArrBianca, chaotic female orcish Wizard

                                                               -----------
                                                              #..).......|
                                                              #|.........|
                                     ----------------         #|.........|
                                  ###...............|         #---------.-
            ---------------     ###  |[.........p...|         ###       #
            |....>........|   #######..........(.@f..#          #       #
            |.............-######    |.......)......|##         #       #
            |.............|          -------.-------- #         #      -|----
            ---------------                 ######0   #         #      |....|
                                                  ### ##        #      |....|
                                                    ########    ##     |....|
                                                       #   ####  #     |....|
                                                       #[#  --.--#     |....|
                                                         #  |...|#     ------
                                                         ###|(...#
                                                           #....|
                                                            -----

ArrBianca the Conjurer    St:9 Dx:13 Co:12 In:16 Wi:10 Ch:14  Chaotic
Dlvl:5  $:249 HP:0(38) Pw:24(30) AC:9  Xp:4 T:1767  Fainted  Deaf

Latest messages:
 The rock piercer bites!
 Komo misses the rock piercer.
 You miss the rock piercer.
 The rock piercer bites!
 Komo bites the rock piercer.
 You kill the rock piercer!
 You descend the stairs.
 $ - 31 gold pieces (249 in total).
 You climb up the stairs.
 Where do you want to travel to?
 (For instructions type a '?')
 You faint from lack of food.
 You regain consciousness.
 Where do you want to travel to?
 (For instructions type a '?')
 You faint from lack of food.
 You regain consciousness.
 You swap places with Komo.
 You faint from lack of food.
 The newt bites!
 You dream of rock piercers.
 Komo misses the rock piercer.
 Komo misses the rock piercer.
 The newt bites!
 Komo misses the rock piercer.
 You regain consciousness.
 You miss the newt.
 Komo misses the rock piercer.
 The newt bites!
 You kill the newt!
 Komo bites the rock piercer.
 The rock piercer bites Komo.
 You faint from lack of food.
 The gnome wields a mace!
 Komo misses the gnome.
 Komo bites the gnome.
 The gnome is killed!
 You regain consciousness.
 You can hear again.
 You miss the rock piercer.
 You hit the rock piercer.
 The rock piercer bites!
 The rock piercer bites!
 You swap places with Komo.
 The rock piercer bites!
 You faint from lack of food.
 The rock piercer bites!
 You die...
 Do you want your possessions identified? [ynq] (y) y
 Do you want to see your attributes? [ynq] (y) q

Inventory:
 Coins    ('$')
  $ - 249 gold pieces
 Weapons  (')')
  v - 10 +0 darts
  s - 10 cursed +0 darts (at the ready)
  J - a +1 dagger
  a - a blessed +1 quarterstaff (weapon in hands)
  F - a +0 scimitar (alternate weapon; not wielded)
 Armor    ('[')
  b - an uncursed +0 cloak of magic resistance (being worn)
  D - an uncursed +0 orcish cloak
 Scrolls  ('?')
  G - an uncursed scroll of confuse monster
  L - an uncursed scroll of create monster
  B - an uncursed scroll of enchant armor
  E - an uncursed scroll of enchant weapon
  j - an uncursed scroll of scare monster
  k - an uncursed scroll of teleportation
 Spellbooks  ('+')
  l - a blessed spellbook of force bolt
  m - an uncursed spellbook of remove curse
 Potions  ('!')
  A - an uncursed potion of fruit juice
  g - an uncursed potion of monster detection
  C - an uncursed potion of object detection
  f - an uncursed potion of speed
  h - 2 uncursed potions of water
 Rings    ('=')
  e - an uncursed ring of free action
  d - an uncursed ring of see invisible
 Wands    ('/')
  c - a wand of digging (0:5)
 Tools    ('(')
  p - a cursed bag of holding containing 1 item
  n - a magic marker (0:20)
  q - a cursed stethoscope

Contents of the bag of holding:
  an uncursed tripe ration

ArrBianca the Wizard's attributes:

Background:
 You were a Conjurer, a level 4 female orcish Wizard.
 You were chaotic, nominally on a mission for Anhur
 who was opposed by Ptah (lawful) and Thoth (neutral).
 You were right-handed.
 You were in the Dungeons of Doom, on level 5.
 You entered the dungeon 1767 turns ago.
 You had 121 experience points, 39 more were needed to attain level 5.

Basics:
 You had 0 out of 38 hit points.
 You had 24 out of 30 energy points (spell power).
 Your armor class was 9.
 Your wallet contained 249 zorkmids.
 Autopickup was on for '$?!/="+%' plus thrown, with exceptions.

Final Characteristics:
 Your strength was 9 (base:10, limit:18/50).
 Your dexterity was 13 (limit:18).
 Your constitution was 12 (limit:18).
 Your intelligence was 16 (limit:16).
 Your wisdom was 10 (limit:16).
 Your charisma was 14 (limit:16).

Final Status:
 You were deaf.
 You were fainted due to starvation.
 You were unencumbered.
 You were wielding a quarterstaff.
 You had basic skill with quarterstaff.

Final Attributes:
 You were devoutly aligned.
 You were magic-protected.
 You were poison resistant.
 You were telepathic.
 You had infravision.
 You were warded.
 You are dead.

Miscellaneous:
 You didn't encounter any bones levels.
 Total elapsed playing time was 12 minutes and 3 seconds.

Major events:
 Turn
    1: ArrBianca the chaotic female orcish Wizard entered the dungeon
 1414: attained the rank of Conjurer (level 3)
 1767: killed by a rock piercer, while fainted from lack of food

Spells:
 Name                 Level Category     Fail Retention
 force bolt             1   attack         0%  91%-100%
 remove curse           3   clerical      96%  76%-100%

Skills:
 Fighting Skills
   bare handed combat [Unskilled]
   riding             [Unskilled]
 Weapon Skills
   dagger             [Unskilled]
   knife              [Unskilled]
   axe                [Unskilled]
   short sword        [Unskilled]
   club               [Unskilled]
   mace               [Unskilled]
   quarterstaff       [Basic]
   polearms           [Unskilled]
   spear              [Unskilled]
   trident            [Unskilled]
   sling              [Unskilled]
   dart               [Unskilled]
   shuriken           [Unskilled]
 Spellcasting Skills
   attack spells      [Basic]
   healing spells     [Unskilled]
   divination spells  [Unskilled]
   enchantment spells [Basic]
   clerical spells    [Unskilled]
   escape spells      [Unskilled]
   matter spells      [Unskilled]

Voluntary challenges:
 Character rerolling was not enabled.
 You were an atheist.
 You never genocided any monsters.
 You never polymorphed an object.
 You never changed form.
 You used no wishes.
Achievement:
 You attained the rank of Conjurer.

 The Dungeons of Doom: levels 1 to 6
    Level 1:
       A sink.
    Level 2:
       Some fountains.
    Level 3:
    Level 4:
       A fountain.
    Level 5: <- You were here.
       Final resting place for
          you, killed by a rock piercer, while fainted from lack of food.
    Level 6:


Vanquished creatures:
  a dwarf ruler
  a bugbear
  a rock piercer
  a shrieker
  2 floating eyes
  a homunculus
  a giant bat
  a hobbit
  a large kobold
  a hobgoblin
  a yellow mold
  a gnome
  a gecko
  a fox
  2 kobolds
  2 goblins
  a sewer rat
  a grid bug
  a lichen
  7 newts
29 creatures vanquished.

No species were genocided or became extinct.

Game over:
                       ----------
                      /          \
                     /    REST    \
                    /      IN      \
                   /     PEACE      \
                  /                  \
                  |    ArrBianca     |
                  |      249 Au      |
                  | killed by a rock |
                  |     piercer      |
                  |                  |
                  |                  |
                  |       2026       |
                 *|     *  *  *      | *
        _________)/\\_//(\/(/\)/\//\/|_)_______

Goodbye ArrBianca the Wizard...

You died in The Dungeons of Doom on dungeon level 5 with 959 points,
and 249 pieces of gold, after 1767 moves.
You were level 4 with a maximum of 38 hit points when you died.

